Unix NetHack Version 3.7.0-51 Work-in-progress - last build Mar 7 2022 13:06:07 (ce1e6a145e5d3e7dd6f4b57ba37794bc207988de,branch:master). Game began 2022-03-12 02:43:53, ended 2022-03-22 13:37:27. nob, neutral male human Tourist --------- |.......| ----- |.......| ----- ...| |..._...| |... @A ---------..-- --------- |..%....| --- --.a--------- |.......|...-- --.......-- |...[...| ...-- --...|.bbbbbb|@@ |.....).|....---.........- ----.---- .....---..DA|bb.bbbb| @ |..._...-%...%%.%%[%...... ...%%.... ..../....a..@-Ab%@@bb|@A |.......|....---)........- ..%.. .......---..A)|bbb@b.b| |.......|...-- --.%.....-- ----)---- ......-- --...|bbabbbb| ---------..-- ----%---- ...%...- --.---- --..--------- ...| --.%.------- ...))... -------.%.-- |... ----- .....%%.....| ....... |............ ----- .............-- ..%[....--.?.......... .......%%.....--...%...--............. ........%.....----%----............. .................%.*.%............. ---------------------------------- Nob the Journeyer St:25 Dx:18 Co:18 In:22 Wi:22 Ch:18 Neutral S:798125 Astral Plane $:0 HP:355(355) Pw:38(144) AC:-39 Xp:18/1375778 T:44014 Conf Latest messages: There is an amber flash as 3 potions of booze hit the altar. The acid blob turns to flee. The Angel of Blind Io zaps you with a magic missile! The long worm is killed by the magic missile! The acid blob is killed by the magic missile! The renegade Angel of The Lady zaps you with a magic missile! The magic missile misses the invisible priestess of Blind Io. The magic missile misses the Angel of Blind Io. The magic missile hits you! But it reflects from your medallion! "Mercy! Dost thou wish me to die of laughter?" What do you want to use or apply? [bfhjksu-xzC-EJ-MSVWY or ?*] b a - 3 uncursed potions of booze. You have a little trouble removing a potion of holy water. Continue? [ynq] (q) y You have a little trouble removing R - a potion of holy water. Your movements are slowed slightly because of your load. The orange dragon breathes sleep gas! The blast of sleep gas hits the renegade Angel of The Lady. The blast of sleep gas hits the invisible priestess of Blind Io. The blast of sleep gas misses the Angel of Blind Io. The blast of sleep gas hits the acid blob. What do you want to dip? [abdfhj-mqs-xzAC-FI-NP-TVWY or ?*] ? What do you want to dip 3 uncursed potions of booze into? [aR or ?*] R Your 3 potions of booze glow with a light blue aura. Your movements are now unencumbered. A mysterious force prevents you from teleporting! What do you want to drop? [abdfhj-mq-xzAC-NPQSTV-Y or ?*] a There is an amber flash as 3 blessed potions of booze hit the altar. The acid blob turns to flee. Wang the invisible Ryoshu turns to flee. The Angel of Blind Io zaps you with a magic missile! The magic missile misses the acid blob. The acid blob is killed by the magic missile! The magic missile whizzes by you! The magic missile hits Wang the invisible Ryoshu! The invisible priestess of Blind Io picks up a slippery cloak. The invisible priestess of Blind Io picks up a wand of death. What do you want to use or apply? [bfhjksu-xzC-EJ-MSVWY or ?*] b What do you want to sacrifice? [d or ?*] d You offer the Amulet of Yendor to The Lady... An invisible choir sings, and you are bathed in radiance... The voice of The Lady thunders: "Mortal, thou hast done well!" "In return for thy service, I grant thee the gift of Immortality!" You ascend to the status of Demigod... Do you want your possessions identified? [ynq] (y) y Do you want to see your attributes? [ynq] (y) y Do you want an account of creatures vanquished? [ynaq] (y) y Do you want a list of species genocided and extinct? [ynq] (y) y Do you want to see your conduct and achievements? [ynq] (y) y Do you want to see the dungeon overview? [ynq] (y) y Major events: Turn 1: nob the neutral male human Tourist entered the dungeon 2612: attained the rank of Sightseer (level 3) 3107: entered the Gnomish Mines 5416: reached Mine Town 7343: attained the rank of Excursionist (level 6) 9841: destroyed spontiff's ghost, the former Rhizotomist 11537: acquired the Mines' End luckstone 14405: entered Sokoban 14712: completed sokoban 1 15318: completed sokoban 2 15712: completed sokoban 3 16447: attained the rank of Peregrinator (level 10) 17221: completed sokoban 4 17388: acquired the Sokoban amulet of reflection 19765: bestowed with Giantslayer by The Lady 22051: killed Medusa 22354: entered Gehennom 25110: made his first wish - "blessed greased fixed +2 gray dragon scale mail" 26452: wished for "blessed greased fixed spellbook of identify" 27813: wished for "blessed greased fixed bag of holding" 28175: attained the rank of Traveler (level 14) 28257: performed his first genocide (master liches) 29745: killed the Master of Thieves 29752: acquired the Bell of Opening 31971: stole 1665 zorkmids worth of merchandise from Brzeg's liquor emporium 32916: wished for "blessed greased fixed wand of polymorph" 33467: wished for "blessed greased fixed +2 helm of brilliance" 34482: stole 1135 zorkmids worth of merchandise from Sablja's liquor emporium 35402: made his first artifact wish - "the blessed greased +2 grayswandir" 38160: killed Asmodeus 38566: attained the rank of Journeyer (level 18) 38596: bribed Baalzebub with 2 zorkmids for safe passage 38922: destroyed Vlad the Impaler 39083: acquired the Candelabrum of Invocation 39305: genocided class m 39679: killed the invisible Orcus 41512: killed the Wizard of Yendor 41513: acquired the Book of the Dead 41525: performed the invocation 41812: killed the high priestess of Moloch 41827: acquired The Amulet of Yendor 43045: killed the Wizard of Yendor (2nd time) 43214: entered the Elemental Planes 43214: entered Plane of Earth 43217: killed the Wizard of Yendor (3rd time) 43319: entered Plane of Air 43371: entered Plane of Fire 43413: entered Plane of Water 43415: genocided class ; 43817: entered the Astral Plane 43840: killed the invisible Famine 43856: killed the invisible Famine (2nd time) 43878: killed the invisible Famine (3rd time) 43912: killed Pestilence 43938: killed Pestilence (2nd time) 43976: killed Pestilence (3rd time) 43989: killed Death 44012: wished for "3 blessed potions of booze" 44014: ascended Inventory: Amulets I - a blessed amulet of reflection (being worn) Weapons N - the blessed +6 Grayswandir (wielded in right hand) t - a blessed +7 silver saber (wielded in left hand) Armor m - an uncursed greased rustproof +4 helm of brilliance (being worn) Q - an uncursed rustproof +4 pair of gauntlets of power (being worn) P - a blessed fireproof +4 pair of jumping boots (being worn) q - a blessed fireproof +4 robe (being worn) X - an uncursed +5 Hawaiian shirt with a sea turtle motif (being worn) H - a blessed greased +5 gray dragon scale mail (being worn) Comestibles T - an uncursed lizard corpse Rings r - an uncursed ring of free action (on left hand) G - an uncursed +3 ring of protection (on right hand) F - an uncursed ring of stealth l - an uncursed ring of teleport control Wands j - a wand of death (0:0) L - a wand of death (0:0) E - a wand of digging (0:3) S - a wand of fire (0:3) J - a wand of fire (0:2) f - a greased wand of polymorph (2:5) K - a wand of polymorph (0:6) v - a wand of striking (0:4) C - a wand of teleportation (0:3) M - a cursed wand of teleportation (0:3) V - a wand of wishing (1:1) Tools b - a blessed greased bag of holding containing 111 items z - an uncursed bugle W - the Bell of Opening (1:1) x - an uncursed blindfold u - an uncursed magic lamp (lit) Y - a magic marker (1:29) w - a cursed magic whistle D - the blessed Platinum Yendorian Express Card k - an uncursed skeleton key s - an uncursed stethoscope h - a blessed +0 unicorn horn Gems/Stones A - an uncursed luckstone Contents of the bag of holding: 6147 gold pieces an uncursed amulet of life saving an uncursed amulet of life saving 12 poisoned +2 darts a blessed +6 silver spear a +0 bullwhip an uncursed +2 pair of leather gloves an uncursed fireproof +1 pair of water walking boots an uncursed +0 shield of reflection a blessed +0 mummy wrapping 3 uncursed slime molds an uncursed clove of garlic 2 uncursed food rations an uncursed fortune cookie 10 uncursed K-rations an uncursed sprig of wolfsbane a blessed tin of quantum mechanic meat an uncursed egg an uncursed lizard corpse 2 blessed scrolls of blank paper an uncursed scroll of blank paper 2 cursed scrolls of blank paper an uncursed scroll of confuse monster a cursed scroll of destroy armor a blessed scroll of fire an uncursed scroll of fire a blessed scroll of identify an uncursed scroll of identify 2 uncursed scrolls of scare monster 2 uncursed scrolls of taming an uncursed scroll of teleportation an uncursed potion of acid an uncursed potion of blindness 3 uncursed potions of full healing an uncursed potion of gain ability named c 3 uncursed potions of gain level 2 cursed diluted potions of gain level 2 blessed potions of healing 3 uncursed potions of healing an uncursed potion of healing an uncursed potion of invisibility a blessed potion of object detection 2 uncursed potions of object detection a blessed potion of oil 5 uncursed potions of oil an uncursed potion of polymorph 2 blessed potions of restore ability an uncursed potion of speed 3 uncursed potions of speed 4 potions of holy water an uncursed potion of water 3 potions of unholy water an uncursed ring of free action an uncursed ring of hunger an uncursed +1 ring of increase damage an uncursed ring of levitation an uncursed ring of polymorph an uncursed ring of polymorph control an uncursed +1 ring of protection an uncursed ring of protection from shape changers an uncursed ring of regeneration an uncursed ring of regeneration an uncursed ring of regeneration an uncursed ring of shock resistance an uncursed ring of slow digestion an uncursed ring of slow digestion an uncursed ring of warning a wand of cold (0:4) a blessed wand of create monster (0:15) a wand of create monster (0:9) a wand of death (0:8) a blessed wand of digging (0:4) a wand of digging (0:8) a wand of digging (0:6) a wand of digging (0:5) a wand of enlightenment (2:4) a wand of lightning (0:7) a wand of lightning (0:2) a wand of locking (0:6) a wand of polymorph (0:7) a wand of probing (0:7) a wand of sleep (1:8) a wand of sleep (0:5) a wand of speed monster (0:4) a wand of striking (0:3) a wand of teleportation (0:8) a wand of teleportation (0:8) a wand of undead turning (0:5) an empty uncursed oilskin sack a horn of plenty (0:14) a magic flute (0:5) an expensive camera (0:73) a magic marker (0:91) a blessed tinning kit (0:49) a blessed wax candle 3 uncursed agate stones 7 uncursed amethyst stones 9 uncursed aquamarine stones an uncursed citrine stone 3 uncursed diamonds 3 uncursed emeralds 4 uncursed fluorite stones 3 uncursed jacinth stones 5 uncursed jasper stones 2 uncursed jet stones an uncursed opal 6 uncursed rubies 5 uncursed sapphires an uncursed topaz stone 2 uncursed luckstones a blessed touchstone Nob the Tourist's attributes: Background: You were a Journeyer, a level 18 male human Tourist. You were neutral, on a mission for The Lady who was opposed by Blind Io (lawful) and Offler (chaotic). You were in the endgame, on the Astral Plane. You entered the dungeon 44014 turns ago. You had 1375778 experience points, 1184222 more were needed for level 19. Your score was 798125 before end-of-game adjustments. Basics: You had all 355 hit points. You had 38 out of 144 energy points (spell power). Your armor class was -39. Your wallet was empty. Autopickup was off. Final Characteristics: Your strength was 25 (base:18/46, innate limit:18/100). Your dexterity was 18 (limit:18). Your constitution was 18 (limit:18). Your intelligence was 22 (base:18, innate limit:18). Your wisdom was 22 (base:18, innate limit:18). Your charisma was 18 (limit:18). Final Status: You were confused. You were not hungry. You were unencumbered. You were wielding two weapons at once. Your skill in saber was limited by being basic with two weapons. You could have enhanced skill with two weapons. Final Attributes: You were piously aligned. You were magic-protected. You were fire resistant. You were cold resistant. You were sleep resistant. You were disintegration-resistant. You were shock resistant. You were poison resistant. You resisted hallucinations. You saw invisible. You were telepathic. You had automatic searching. You were invisible to others. You could jump. You could teleport. You had a moderate defense bonus (+9). You were protected. You took half spell damage. You were very fast. You had reflection. You had free action. You were extremely lucky. You had extra luck. Bad luck did not time out for you. Good luck did not time out for you. You survived. Miscellaneous: You encountered 2 bones levels. Total elapsed playing time was 1 day, 4 hours, 30 minutes and 22 seconds. Vanquished creatures: Asmodeus Orcus the Wizard of Yendor (4 times) Death Pestilence (thrice) Famine (thrice) Vlad the Impaler 6 arch-liches a high cleric Medusa 9 krakens the Master of Thieves 5 iron golems a ki-rin a storm giant a titan 2 glass golems 3 balrogs 5 purple worms a gold dragon 2 silver dragons 4 red dragons a white dragon 4 orange dragons 2 black dragons a blue dragon 2 green dragons 14 minotaurs 4 jabberwocks 2 baluchitheria 15 Angels 3 demiliches 5 Olog-hai 2 Nazgul 3 pit fiends 2 sandestins 2 hell hounds 2 displacer beasts 3 titanotheres 3 trappers 3 guardian nagas a genetic engineer 3 disenchanters 24 vampire leaders 5 skeletons 20 aligned clerics 5 captains 6 shades 6 liches 2 water trolls a clay golem 5 nurses 3 nalfeshnees a lurker above 3 Aleaxes 2 ettins 3 golden nagas 4 black puddings 27 vampires 4 lieutenants a watch captain 48 ghosts a tourist 2 queen bees 7 winged gargoyles a mind flayer 12 giant mimics 2 long worms 4 zruties 3 fire giants 9 ogre tyrants 9 ice trolls a rock troll 3 umber hulks 2 flesh golems 4 elven monarchs 2 doppelgangers 8 hezrous 4 bone devils 7 large mimics 6 couatls 14 stalkers 4 air elementals 3 fire elementals 5 earth elementals 17 water elementals 4 hill giants 4 giant mummies 2 black nagas 11 xorns 20 giant zombies 10 elf-nobles 9 sergeants 12 barbed devils 3 vrocks 3 salamanders 11 wargs a winter wolf 3 hell hound pups 20 small mimics a glass piercer a warhorse 2 steam vortices 4 xans an ettin mummy 5 ogre leaders 4 quantum mechanics 2 trolls a sasquatch 5 wood golems 3 erinyes 2 mariliths a djinni 8 sharks 8 electric eels 2 gelatinous cubes 2 pyrolisks 7 large dogs 5 freezing spheres 8 flaming spheres 3 shocking spheres 4 large cats 5 tigers 5 gargoyles 4 dwarf rulers 10 tengu 3 ochre jellies 4 leocrottas 3 energy vortices 3 mountain centaurs 13 stone giants 4 elf mummies 5 human mummies 4 red nagas a green slime 3 pythons 6 pit vipers 7 cobras 40 wraiths a carnivorous ape 23 ettin zombies 2 leather golems 6 Grey-elves 55 soldiers 3 watchmen 8 amorous demons 7 horned devils 3 chameleons 22 giant beetles 6 quivering blobs 8 cockatrices 5 wolves 4 winter wolf cubs a lynx 19 gremlins a spotted jelly 15 leprechauns an orc-captain 6 iron piercers a mumak 57 giant spiders 3 scorpions a horse 5 ice vortices 3 black lights 7 vampire bats 11 forest centaurs 4 gnome rulers 2 orc mummies 2 dwarf mummies an ogre 4 brown puddings 5 rust monsters 7 owlbears 3 yetis 2 gold golems 2 werewolves 15 Green-elves 4 piranha 12 giant eels 12 lizards a guide 2 chickatrices 2 dingoes a dog 7 jaguars 5 dwarf leaders 4 white unicorns 5 black unicorns 5 dust vortices 22 ravens 3 plains centaurs 3 Kop Kaptains 3 gnome mummies 4 snakes 3 water moccasins 2 apes 23 human zombies 2 rope golems 3 Woodland-elves 21 soldier ants 18 fire ants 15 bugbears 3 imps 5 quasits 7 wood nymphs 6 water nymphs 2 mountain nymphs 4 Mordor orcs 12 Uruk-hai 3 orc shamans 12 rock piercers 7 rock moles a woodchuck 3 ponies 2 fog clouds 7 yellow lights 3 shriekers a violet fungus 20 gnome leaders 7 gnomish wizards 4 Kop Lieutenants a kobold mummy 7 gray oozes 17 elf zombies 13 ghouls 4 straw golems 3 paper golems 5 jellyfish 58 giant ants 3 little dogs 8 floating eyes 3 kittens 23 dwarves 4 homunculi 4 kobold leaders 3 kobold shamans 6 hill orcs 10 rothes 4 rabid rats 3 centipedes 2 giant bats 5 Kop Sergeants 3 monkeys 14 orc zombies 13 dwarf zombies 5 wererats 3 werejackals 16 iguanas 42 killer bees 8 acid blobs 3 coyotes a gas spore 12 hobbits 6 manes 3 large kobolds 26 hobgoblins 10 giant rats 9 cave spiders 3 brown molds 2 yellow molds 4 red molds 62 gnomes 19 Keystone Kops 5 garter snakes 14 gnome zombies 15 geckos 16 jackals a fox a kobold 11 goblins 5 sewer rats 18 grid bugs 5 bats 15 lichens 21 kobold zombies 4 newts 1949 creatures vanquished. Genocided or extinct species: small mimics large mimics giant mimics master liches soldiers (extinct) erinyes (extinct) jellyfish piranha sharks giant eels electric eels krakens 10 species genocided. 2 species extinct. Voluntary challenges: You read items or engraved 216 times. You engraved Elbereth 5 times. You genocided 10 types of monsters. You never changed form. You used 7 wishes (1 for an artifact). You did not violate any of the special Sokoban rules. Achievements: You entered a shop. You attained the rank of Sightseer. You entered the Gnomish Mines. You entered Minetown. You entered a temple. You attained the rank of Excursionist. You completed the Gnomish Mines. You entered Sokoban. You attained the rank of Peregrinator. You completed Sokoban. You defeated Medusa. You entered Gehennom. You attained the rank of Traveler. You had the Bell of Opening. You attained the rank of Journeyer. You handled the Candelabrum of Invocation. You handled the Book of the Dead. You gained access to Moloch's Sanctum. You reached the Elemental Planes. You reached the Astral Plane. You delivered the Amulet of Yendor. You ascended! The Elemental Planes: Astral Plane: <- You are here. Many temples. Plane of Water: Plane of Fire: Plane of Air: Plane of Earth: The Dungeons of Doom: levels 1 to 28 Level 1: "$" One way stairs up to The Elemental Planes. Level 2: Level 3: A general store. Level 4: A potion shop. Stairs down to The Gnomish Mines. Level 5: A potion shop, a fountain. Level 6: Level 7: A sink. Level 8: Oracle of Delphi. Level 9: Many altars. Stairs up to Sokoban, level 8. Level 10: Level 11: Level 12: Level 13: An altar to The Lady, a sink. Level 14: Some altars. Portal to The Quest. Level 15: A sink. Level 16: Level 17: Level 18: A primitive area. Level 19: Level 20: Level 21: An altar to The Lady. Level 22: Level 23: A fountain. Level 24: Level 25: Many trees. Level 26: Level 27: Level 28: A fountain. The castle. Connection to Gehennom. Gehennom: levels 29 to 49 Level 29: A temple, many graves. Valley of the Dead. Level 30: Level 31: "Asmo" Level 32: Level 33: Level 34: Level 35: "Juib" Level 36: "Ballz" Level 37: Stairs up to Vlad's Tower, level 36. Level 38: Level 39: Level 40: Level 41: Level 42: Some shops, an altar, many graves. Level 43: Level 44: Level 45: "FakeWiz" Level 46: "RealWiz" Level 47: Level 48: Level 49: A temple, many graves. Moloch's Sanctum. The Gnomish Mines: levels 5 to 13 Level 5: Level 6: Many graves. Final resting place for nurdglaw-Hea-Hum-Fem-Neu, killed by a large dog called Evil Slinky, nurdglaw-Hea-Hum-Fem-Neu, killed by a wand, nurdglaw-Hea-Hum-Fem-Neu, killed by an arrow. Level 7: Level 8: Many shops, a temple, some graves. Final resting place for nob-Tou-Hum-Mal-Neu, killed by a soldier ant, while sleeping, spontiff-Hea-Gno-Mal-Neu, killed by a hill orc, while sleeping, spontiff-Hea-Gno-Mal-Neu, killed by a dagger, nurdglaw-Hea-Hum-Fem-Neu, killed by a gnome. Level 9: Level 10: Level 11: Level 12: Level 13: The Quest: levels 1 to 5 Level 1: Some graves. Completed quest for Twoflower. Level 2: Level 3: Some shops. Level 4: Level 5: Some shops, some graves. Sokoban: levels 8 up to 5 Level 5: Solved. Level 6: Solved. Level 7: Solved. Level 8: Solved. Vlad's Tower: levels 36 up to 34 Level 34: Level 35: Level 36: Aloha nob the Demigod... You went to your reward with 1739250 points, The Platinum Yendorian Express Card (worth 7000 zorkmids and 17500 points) Grayswandir (worth 8000 zorkmids and 20000 points) The Bell of Opening (worth 5000 zorkmids and 12500 points) 9 aquamarine stones (worth 13500 zorkmids), 7 amethyst stones (worth 4200 zorkmids), 6 rubies (worth 21000 zorkmids), 5 sapphires (worth 15000 zorkmids), 5 jasper stones (worth 2500 zorkmids), 4 fluorite stones (worth 1600 zorkmids), 3 diamonds (worth 12000 zorkmids), 3 jacinth stones (worth 9750 zorkmids), 3 emeralds (worth 7500 zorkmids), 3 agate stones (worth 600 zorkmids), 2 jet stones (worth 1700 zorkmids), 1 citrine stone (worth 1500 zorkmids), 1 topaz stone (worth 900 zorkmids), 1 opal (worth 800 zorkmids), 2 amulets of life saving (worth 300 zorkmids), 1 amulet of reflection (worth 150 zorkmids), and 6147 pieces of gold, after 44014 moves. You were level 18 with a maximum of 355 hit points when you ascended.